[Event "Early-Titled-Tuesday-Blitz-August-29-2023"]
[Site "Chess.com"]
[Date "2023.08.29"]
[Round "7"]
[White "cottage_cheese"]
[Black "rikchessmx"]
[Result "0-1"]
[WhiteElo "2306"]
[BlackElo "2454"]
[TimeControl "180+1"]
[EndTime "9:18:09 PDT"]
[Termination "rikchessmx won by resignation"]

1. e4 e5 2. Nf3 Nc6 3. Bb5 a6 4. Ba4 Nf6 5. O-O Be7 6. Re1 b5 7. Bb3 O-O 8. a4 b4 9. d3 d6 10. Nbd2 Na5 11. Ba2 c5 12. Nf1 Rb8 13. c3 b3 14. Bb1 Re8 15. d4 Qc7 16. h3 Bf8 17.
Bg5 Nd7 18. Ne3 h6 19. Nd5 Qb7 20. Bc1 Nb6 21. Ne3 Be6 22. d5 Bd7 23. Bd3 c4 24. Bf1 Rec8 25. Nd2 Bxa4 26. Nexc4 Naxc4 27. Nxc4 Nxc4 28. Rxa4 Nb6 29. Bxa6 Qd7 30. Bxc8 Qxa4 31. Bg4 Nc4 32. Be2 Nb6 33. Bd3 Rc8 34. Qg4 g6 35. Be3 Rb8 36. f4 exf4 37. Bxf4 Nc4 38. Bc1 Ne5 39. Qe2 Qa7+ 40. Be3 Qa2 41. Bc1 Re8 42. Kh2 Qa7 43. Rf1 Qe7 44. Bb5 Bg7 45. Bxe8 Qxe8 46. Be3 Nd7 47. Bd4 Be5+ 48. Bxe5 Qxe5+ 49. Kh1 Nc5 50. Qf2 Qe7 51. Qf6 Qxf6 52. Rxf6 Nxe4 53. Rf4 f5 54.
Kg1 Kg7 55. Kf1 Kf6 56. Ke2 Ke5 57. Rf1 Kxd5 58. Rd1+ Kc4 59. Ke3 Nxc3 60. bxc3 b2 61. Kd2 Kb3 62. Rb1 d5 63. g3 g5 64. h4 f4 65. hxg5 hxg5 66. gxf4 gxf4 67. Kd3 f3 68.
Kd4 Kc2 69. Rf1 b1=Q 70. Rxb1 Kxb1 71. Ke3 Kc2 72. Kxf3 Kxc3 73. Ke2 Kc2 74. Ke3 Kc3 75. Ke2 d4 76. Kd1 Kd3 77. Kc1 Ke2 78. Kc2 d3+ 79. Kc3 d2 0-1

[Event "Early-Titled-Tuesday-Blitz-August-29-2023"]
[Site "Chess.com"]
[Date "2023.08.29"]
[Round "7"]
[White "Jackalhead_Anubis"]
[Black "Khromkin"]
[Result "0-1"]
[WhiteElo "2428"]
[BlackElo "2336"]
[TimeControl "180+1"]
[EndTime "9:18:10 PDT"]
[Termination "Khromkin won by checkmate"]

1. e4 c5 2. Nf3 Nc6 3. Bb5 g6 4. O-O Bg7 5. c3 Nf6 6. e5 Nd5 7. d4 O-O 8. dxc5 Nc7 9. Bxc6 dxc6 10. Bf4 Bg4 11. Nbd2 Ne6 12. Be3 Bxe5 13. Qb3 Bf4 14.
Bxf4 Nxf4 15. Qb4 Qc7 16. g3 Bxf3 17. Nxf3 Nd5 18. Qa3 a5 19. Rfe1 Rfe8 20. Re5 e6 21.
Rae1 Re7 22. Qb3 Rae8 23. a3 f6 24. R5e2 Qc8 25. Nd4 e5 26. Nf3 Kg7 27. c4 Nc7 28. Qc3 Qa8 29. Nd2 Ne6 30. f4 Nd4 31. Re3 Qc8 32.
fxe5 fxe5 33. Rxe5 Rxe5 34. Qxd4 Qf5 35. Nf3 Qxf3 36. Rxe5 Rxe5 37. Qxe5+ Kh6 38. Qf4+ Qxf4 39. gxf4 Kh5 40. h3 a4 41. Kg2 Kh4 42. Kh2 Kh5 43. Kg3 Kh6 44. Kg4 Kg7 45. Kg5 h6+ 46. Kg4 Kf6 47. h4 h5+ 48. Kg3 Kf5 49. Kf3 Kf6 50.
Ke3 Ke6 51. Ke4 Kf6 52. Kd4 Kf5 53. Kc3 Kxf4 54. Kb4 g5 55. hxg5 Kxg5 56. Kxa4 h4 57. Ka5 h3 58. Kb6 h2 59. Kxb7 h1=Q 60. a4 Qe4 61. a5 Qxc4 62. a6 Qb5+ 63. Ka7 Qxc5+ 64. Kb8 Qb5+ 65. Ka8 c5 66. a7 Qa6 67. Kb8 Qb6+ 68.
Ka8 Qc7 69. b4 Qc8# 0-1

[Event "Early-Titled-Tuesday-Blitz-August-29-2023"]
[Site "Chess.com"]
[Date "2023.08.29"]
[Round "7"]
[White "sorch29"]
[Black "Semetey"]
[Result "0-1"]
[WhiteElo "2361"]
[BlackElo "2594"]
[TimeControl "180+1"]
[EndTime "9:18:13 PDT"]
[Termination "Semetey won by resignation"]

1. Nf3 d5 2. d4 Nf6 3. c4 e6 4.
g3 Bb4+ 5. Bd2 Be7 6. Bg2 O-O 7.
O-O Nbd7 8. Qc2 Ne4 9. Nc3 Nxd2 10. Nxd2 dxc4 11. Nxc4 c5 12. dxc5 Nxc5 13. Rfd1 Qe8 14. b4 Nd7 15. Nb5 Qd8 16. Nbd6 Rb8 17. Qd2 Nb6 18.
b5 Nxc4 19. Nxc4 Qxd2 20. Rxd2 Rd8 21. Rxd8+ Bxd8 22. Rd1 Bc7 23. a4 b6 24. f4 Kf8 25.
Bc6 Bb7 26. Bxb7 Rxb7 27. Kf2 Ke7 28. e4 f6 29. Ke3 Bb8 30. e5 fxe5 31. fxe5 Rc7 32.
Rd4 Rc5 33. Ke4 Bc7 34. h4 h5 35. Nd6 Bxd6 36. exd6+ Kd7 37. Rd3 Rf5 38. Rc3 Kxd6 39. Rd3+ Rd5 40. Rc3 g6 41. Rf3 Rf5 42. Rc3 Rc5 43.
Rf3 Ke7 44. Rd3 Rc4+ 45. Ke5 Rc5+ 46. Ke4 Kf6 47. Rf3+ Rf5 48. Rd3 Re5+ 49. Kf4 Rd5 50. Rc3 Rd4+ 51. Ke3 Rxa4 52. Rc7 Ra5 53. Rb7 Rxb5 54.
Rxa7 Ke5 55. Rg7 Rb3+ 56. Kf2 Kf5 57. Rg8 b5 58. Rg7 b4 59. Rg8 Rc3 60. Rb8 b3 61. Rb5+ e5 62. Rb4 Rc2+ 63. Kf3 Rb2 64. Rb5 Rb1 65. Rc5 b2 66. Kg2 Rc1 67. Rb5 0-1

[Event "Early-Titled-Tuesday-Blitz-August-29-2023"]
[Site "Chess.com"]
[Date "2023.08.29"]
[Round "7"]
[White "twofoxniel"]
[Black "betta2004"]
[Result "0-1"]
[WhiteElo "2649"]
[BlackElo "2552"]
[TimeControl "180+1"]
[EndTime "9:18:19 PDT"]
[Termination "betta2004 won by checkmate"]

1. e4 e5 2. Nf3 Nf6 3. Bc4 Bc5 4. Nxe5 O-O 5. d4 Bb6 6. Nc3 d6 7. Nf3 Bg4 8. Be2 Nc6 9. d5 Ne7 10. O-O Ng6 11. h3 Bxf3 12. Bxf3 Re8 13. Re1 Nd7 14.
Be3 Ba5 15. Bd4 Nde5 16. Bh5 Qg5 17. Bxg6 Nxg6 18. Qg4 Qxg4 19. hxg4 Ne5 20. f3 Nc4 21. b3 Ne5 22. a3 c5 23. dxc6 Nxc6 24. Ne2 Bxe1 25.
Rxe1 Rac8 26. c4 a6 27. Rd1 Na5 28. Rd3 b5 29. cxb5 axb5 30. Nf4 Rc1+ 31. Kh2 Rec8 32.
Bb6 Nb7 33. a4 bxa4 34. bxa4 Ra1 35. a5 Kf8 36. Kg3 Ke7 37. Nd5+ Kd7 38. Ne3 g6 39. e5 Ke6 40. exd6 Nxd6 41. Nd5 g5 42. Nc7+ Kd7 43. Nb5 Rc6 44. Nd4 Rcc1 45. Nf5 Rd1 46. Rc3 Nxf5+ 47. gxf5 Rd5 48. Rc7+ Ke8 49. Kg4 h6 50. Rc8+ Ke7 51.
Rc7+ Kf6 52. Rc6+ Kg7 53. a6 Rxa6 54. Kh5 Ra4 55. f6+ Kh7 56. g3 Ra2 57. f4 Rh2+ 58. Kg4 Kg6 59. Rc8 h5+ 60. Kf3 gxf4 61. gxf4 Kxf6 62.
Ke4 Rb5 63. Bd4+ Ke6 64. Rc6+ Ke7 65. Rh6 h4 66. Bf6+ Kd7 67. Bxh4 f5+ 68. Kd4 Rd2+ 69. Ke3 Rc2 70. Rh7+ Ke6 71. Rh6+ Kd5 72. Rf6 Rb3# 0-1

[Event "Early-Titled-Tuesday-Blitz-August-29-2023"]
[Site "Chess.com"]
[Date "2023.08.29"]
[Round "7"]
[White "ljm509"]
[Black "AttilaTurzo"]
[Result "0-1"]
[WhiteElo "2249"]
[BlackElo "2515"]
[TimeControl "180+1"]
[EndTime "9:18:23 PDT"]
[Termination "AttilaTurzo won by checkmate"]

1. e4 d6 2. d4 c5 3. c3 Nf6 4.
Nd2 g6 5. Ngf3 Bg7 6. g3 O-O 7. Bg2 Nc6 8. h3 Nd7 9. Nb3 b6 10. O-O Bb7 11. Re1 Rc8 12. d5 Nce5 13. Nxe5 Nxe5 14.
f4 Nd7 15. Be3 Qc7 16. Bf2 e6 17. dxe6 fxe6 18. Qg4 Rce8 19. Rad1 Nf6 20. Qe2 d5 21. e5 Nd7 22. h4 Kh8 23. Bf3 a5 24. a3 a4 25. Nd2 Bc6 26. Kg2 b5 27. Rh1 Rb8 28.
Rc1 Kg8 29. Nf1 Qb7 30. Kh2 Rfd8 31. Rg1 Nf8 32. Bg2 Nd7 33. Ne3 Rbc8 34. Rcd1 b4 35. cxb4 cxb4 36. Qg4 Nf8 37. Nc2 bxa3 38. bxa3 Bd7 39.
Nd4 Qb2 40. Rgf1 Qxa3 41. Qe2 Ra8 42. Ra1 Qe7 43. Rfb1 Rdb8 44. Bh3 a3 45. Qa2 Rxb1 46. Rxb1 h5 47. Rb3 Kh7 48. Rb7 Qe8 49. Rb3 Bc6 50. Rxa3 Rxa3 51. Qxa3 Bd7 52. Qd6 Bc8 53. Nc6 Bd7 54.
Ne7 Bh6 55. Bg2 Qf7 56. Bf3 Bg7 57. Nc6 Bxc6 58. Qxc6 Qd7 59. Bc5 Qxc6 60. Bd4 Qc2+ 61. Bg2 Nd7 62. Bf2 Nc5 63. Kg1 Nd3 64. Bd4 Qd1+ 65.
Kh2 Ne1 66. Bf3 Nxf3+ 67. Kg2 Nxd4 68. Kf2 Qe2+ 69. Kg1 Nf3+ 70. Kh1 Qh2# 0-1

[Event "Early-Titled-Tuesday-Blitz-August-29-2023"]
[Site "Chess.com"]
[Date "2023.08.29"]
[Round "7"]
[White "Mikhail_Bryakin"]
[Black "amintabatabaei"]
[Result "0-1"]
[WhiteElo "2830"]
[BlackElo "2955"]
[TimeControl "180+1"]
[EndTime "9:18:25 PDT"]
[Termination "amintabatabaei won by resignation"]

1. d4 Nf6 2. Nc3 d5 3. Bf4 a6 4.
e3 e6 5. Nf3 b5 6. Ne5 Bb7 7.
Bd3 Nbd7 8. O-O c5 9. h3 c4 10. Be2 Nxe5 11. Bxe5 Bd6 12. f4 O-O 13. Bf3 b4 14.
Na4 Bxe5 15. fxe5 Nd7 16. Bg4 Bc6 17. Nc5 Nxc5 18. dxc5 Qc7 19. Qd4 Bb7 20. c3 a5 21.
a3 bxc3 22. bxc3 Rfc8 23. Rab1 Ra7 24. Rb6 Ba8 25. c6 Qe7 26. Bh5 g6 27. Bg4 Bxc6 28. Rf6 Rb7 29. h4 Rxb6 30. Qxb6 Bd7 31. Qxa5 Qc5 32.
Qxc5 Rxc5 33. Rf1 Ra5 34. Ra1 Ba4 35. Be2 h5 36. g4 hxg4 37. Bxg4 Bc2 38. Ra2 Bb1 39.
Ra1 Bc2 40. Ra2 Bb3 41. Ra1 Kf8 42. Kf2 Ke7 43. Kg3 Ra8 44. Kf4 Bc2 45. Ra2 Ba4 46.
Bf3 Rb8 47. e4 dxe4 48. Kxe4 Bc6+ 49. Kf4 Bxf3 50. Kxf3 Rb3 51. a4 Rxc3+ 52. Kf4 Kd7 53. a5 Kc7 54. a6 Kb8 55. a7+ Ka8 56. Ra5 Rc1 57. Rc5 c3 58. Kg5 c2 59. Kh6 Kxa7 60.
Kg7 Kb6 61. Rc3 Kb5 62. Rc7 Kb4 63. Kxf7 Rf1+ 64. Kxg6 c1=Q 65. Rxc1 Rxc1 66. Kf6 Kc5 67. Kxe6 Kc6 68. Kf6 Rf1+ 69. Kg6 Kd7 70. h5 Ke7 71. h6 Rg1+ 72. Kh7 Kf7 73. Kh8 Kg6 74. Kg8 Kxh6+ 75. Kf7 Rf1+ 76. Ke8 Kg7 77. e6 Re1 78. e7 Kf6 79. Kd7 0-1

[Event "Early-Titled-Tuesday-Blitz-August-29-2023"]
[Site "Chess.com"]
[Date "2023.08.29"]
[Round "7"]
[White "kacprekt"]
[Black "lefonghua"]
[Result "0-1"]
[WhiteElo "2442"]
[BlackElo "2685"]
[TimeControl "180+1"]
[EndTime "9:18:30 PDT"]
[Termination "lefonghua won by resignation"]

1. g3 Nf6 2. Bg2 g6 3. e4 d6 4. Ne2 c5 5. O-O Bg7 6. Nbc3 Nc6 7. d3 O-O 8. h3 Rb8 9. Be3 b5 10. Qd2 b4 11. Nd1 Nd7 12. Kh2 Nd4 13. c3 Nxe2 14. Qxe2 bxc3 15. bxc3 Qa5 16. Qc2 Ba6 17. Bd2 Ne5 18.
c4 Qa3 19. Bc3 Nc6 20. Bxg7 Kxg7 21. Qc3+ Qxc3 22. Nxc3 Rb2 23. Rab1 Rfb8 24. f4 Nd4 25. Nb5 Rxb1 26. Rxb1 Bxb5 27. a4 a6 28. e5 dxe5 29. fxe5 Rb6 30. Bd5 e6 31. Be4 Kf8 32. Kg2 Ke7 33.
Kf2 Kd8 34. axb5 axb5 35. cxb5 Rxb5 36. Ra1 Rb2+ 37. Kg1 Ke7 38. Ra7+ Kf8 39. Rc7 Rc2 40. g4 h6 41. h4 g5 42. h5 Kg7 43. Kf1 Rc1+ 44. Kf2 Rc2+ 45. Kf1 Rc3 46. Bg6 Nb3 47. Rxf7+ Kg8 48. Re7 Nc1 49. Re8+ Kg7 50. Re7+ Kf8 51. Rxe6 Nxd3 52. Re8+ Kg7 53. e6 Nf4 54. e7 Re3 55.
Kf2 Re5 56. Bf5 Nd5 57. Rc8 Nxe7 58. Rc7 Kf8 59. Bg6 Nxg6 60. hxg6 Re6 61. Rf7+ Kg8 62.
Rc7 Rxg6 63. Rxc5 Rf6+ 64. Kg3 Kg7 65. Rc7+ Kg6 66. Rc4 Re6 67. Rb4 Kf6 68. Rc4 Rd6 69. Rb4 Rd3+ 70. Kg2 Ke5 71. Ra4 Rd4 72. Ra6 Rxg4+ 73.
Kf3 Rf4+ 74. Ke3 Rh4 75. Ra5+ Kf6 76. Kf3 Kg6 77. Kg3 Kh5 78. Kg2 Rd4 79. Ra6 Rd2+ 80. Kf3 Rd3+ 81. Ke4 Rb3 82. Kf5 Rf3+ 83. Ke5 Rf1 84. Ra2 g4 85. Rh2+ Kg5 86. Rg2 h5 87.
Ke4 h4 0-1

[Event "Early-Titled-Tuesday-Blitz-August-29-2023"]
[Site "Chess.com"]
[Date "2023.08.29"]
[Round "7"]
[White "ritanovikova"]
[Black "Zhani-Z"]
[Result "0-1"]
[WhiteElo "2148"]
[BlackElo "2328"]
[TimeControl "180+1"]
[EndTime "9:18:30 PDT"]
[Termination "Zhani-Z won on time"]

1. d4 d5 2. Bf4 Nf6 3. e3 c5 4.
c3 cxd4 5. exd4 Nc6 6. Qc2 Bg4 7.
h3 Bh5 8. Nd2 Bg6 9. Qa4 e6 10.
Bb5 Qb6 11. Ngf3 a6 12. Bxc6+ Qxc6 13. Qxc6+ bxc6 14. Ne5 Rc8 15. Nxg6 hxg6 16. Nf3 Be7 17. O-O O-O 18. Bg5 Rfe8 19. Ne5 Ne4 20. Bxe7 Rxe7 21.
f3 Nd2 22. Rfd1 Nc4 23. Nxc4 dxc4 24. b4 a5 25. a3 Ra7 26. Rab1 axb4 27. Rxb4 Rxa3 28.
Rxc4 Kf8 29. Rb1 Rc7 30. Rb6 c5 31. dxc5 Ke7 32. c6 Kd6 33. Kh2 e5 34. Kg3 Kd5 35. Rb7 Kd6 36. Rxc7 Kxc7 37. Rc5 f6 38. Kg4 Ra2 39.
h4 Rxg2+ 40. Kh3 Rf2 41. Kg3 Rd2 42. Rc4 Rd6 43. Rg4 f5 44. Rg5 Rxc6 45. h5 gxh5 46.
Rxf5 g6 47. Rxe5 Rxc3 48. Re6 Rc6 49. Re7+ Kd6 50. Rg7 Ke5 51. f4+ Kf5 52. Rf7+ Rf6 53. Ra7 Re6 54. Ra5+ Ke4 55. Ra4+ Kf5 56. Ra5+ Kf6 57.
Rb5 Re3+ 58. Kf2 Rc3 59. Kg2 h4 60. Ra5 Kg7 61. Rg5 Kh6 62. Ra5 Re3 63. Kf2 Rg3 64. Rb5 Rg4 0-1

[Event "Early-Titled-Tuesday-Blitz-August-29-2023"]
[Site "Chess.com"]
[Date "2023.08.29"]
[Round "7"]
[White "Msb2"]
[Black "tptagain"]
[Result "0-1"]
[WhiteElo "3016"]
[BlackElo "2895"]
[TimeControl "180+1"]
[EndTime "9:18:33 PDT"]
[Termination "tptagain won by checkmate"]

1. d4 d5 2. c3 e6 3. Bf4 Bd6 4. e3 Ne7 5. Bd3 O-O 6. Nf3 f6 7.
Nbd2 c5 8. Bxd6 Qxd6 9. dxc5 Qxc5 10. e4 Kh8 11. O-O e5 12. Rc1 Be6 13. b4 Qc7 14. exd5 Nxd5 15. a3 Nf4 16. Be4 Nd7 17. c4 f5 18. Bb1 e4 19. Nd4 Qe5 20. Nxe6 Qxe6 21. g3 Nh3+ 22. Kg2 Ne5 23. Qh5 Rf6 24. Bxe4 Nf4+ 25. gxf4 Ng6 26. Kh1 fxe4 27. Qd5 Qh3 28. Qxe4 Rxf4 29. Qg2 Qd7 30. Rcd1 Raf8 31. Ne4 Qe6 32.
Ng5 Qxc4 33. Qh3 Rh4 34. Qg3 h6 35. Nf3 Qc6 36. Rd6 Qxf3+ 37. Qxf3 Rxf3 38. Rxg6 Rhf4 39.
Re6 Rf7 40. a4 R3f4 41. a5 Rxb4 42. a6 b6 43. h3 Ra4 44. Rd1 Rxa6 45. Kg2 Ra5 46.
Re8+ Kh7 47. Re2 Rg5+ 48. Kf1 Rf3 49. Rd7 Rxh3 50. Ree7 a5 51. Ra7 Rb3 52. Ke2 Rb2+ 53. Ke3 Rb3+ 54. Ke4 Rb4+ 55. Ke3 h5 56. f4 Rg3+ 57.
Kf2 h4 58. f5 Rf4+ 59. Ke2 Rxf5 60. Rab7 Rf6 61. Re8 h3 62. Rbb8 Rg2+ 63. Ke3 h2 64.
Rh8+ Kg6 65. Rbd8 Rf1 66. Rd6+ Kf7 67. Rd7+ Ke6 68. Rb7 h1=Q 69. Rxb6+ Kd7 70. Rxh1 Rxh1 71. Kf3 Rg5 72. Ra6 Rh4 73. Ra7+ Kc6 74. Ra6+ Kb7 75. Ra8 Kxa8 76. Kf2 Rb5 77. Ke2 Rb3 78. Kd2 Rh2+ 79. Kc1 Rg3 80. Kd1 Rg1# 0-1

[Event "Early-Titled-Tuesday-Blitz-August-29-2023"]
[Site "Chess.com"]
[Date "2023.08.29"]
[Round "7"]
[White "Pax-Pramana"]
[Black "carokannlover213"]
[Result "0-1"]
[WhiteElo "2482"]
[BlackElo "2706"]
[TimeControl "180+1"]
[EndTime "9:18:33 PDT"]
[Termination "carokannlover213 won by checkmate"]

1. d4 g6 2. h4 Nf6 3. Nc3 d5 4. Bf4 a6 5. Qd2 b5 6. Nf3 Bf5 7. Ne5 Nbd7 8. f3 Nb6 9. g4 Be6 10. e4 b4 11. Nxd5 Nfxd5 12. exd5 Bxd5 13. Qxb4 f6 14. Nd3 e5 15. Qd2 exf4 16. Nxf4 Bf7 17. O-O-O Bd6 18.
Re1+ Kf8 19. Nh3 Kg7 20. h5 Re8 21. hxg6 Rxe1+ 22. Qxe1 Bxg6 23. Qh4 Qe7 24. Bd3 Qe3+ 25. Kb1 Bxd3 26. cxd3 Qxd3+ 27. Ka1 Rb8 28. Nf2 Qg6 29. Ne4 Nc4 30. b3 Ne3 31. g5 f5 32. Nf6 Rh8 33.
f4 h6 34. Qf2 hxg5 35. Rxh8 Kxh8 36. fxg5 Ng4 37. Nxg4 fxg4 38. Qh4+ Kg7 39. Qxg4 Qf7 40. Qe2 Bf4 41. Qe4 Bxg5 42. Kb2 Bf6 43. Ka3 Qe7+ 44.
Qxe7+ Bxe7+ 45. Ka4 Bf6 46. d5 Kf7 47. Ka5 Ke7 48.
Kxa6 Kd6 49. a4 Kxd5 50. Kb5 Bd4 51. b4 c6+ 52. Ka6 Bc3 53. b5 c5 54. b6 Be5 55. a5 c4 56. Kb5 c3 57. a6 c2 58. a7 c1=Q 59. a8=Q+ Kd4 60. Qd8+ Ke4 61. Qa8+ Ke3 62. Qe8 Qb2+ 63. Ka6 Qa3+ 64. Kb7 Qc5 65. Qg6 Qd5+ 66. Ka6 Qa2+ 67. Kb7 Qd5+ 68. Ka6 Bf4 69. Qe8+ Kf2 70. Qa4 Qa8+ 71. Kb5 Qe8+ 72. Ka5 Bd2+ 73. Ka6 Qxa4+ 74. Kb7 Be3 75. Kc7 Bxb6+ 76. Kxb6 Qb4+ 77.
Kc6 Qd2 78. Kc5 Ke3 79. Kc4 Qd4+ 80. Kb3 Qc5 81. Kb2 Qc4 82. Ka3 Qb5 83. Ka2 Qb4 84. Ka1 Kd2 85. Ka2 Kc2 86. Ka1 Qb2# 0-1

[Event "Early-Titled-Tuesday-Blitz-August-29-2023"]
[Site "Chess.com"]
[Date "2023.08.29"]
[Round "7"]
[White "TigrVShlyape"]
[Black "BillieKimbah"]
[Result "1/2-1/2"]
[WhiteElo "2906"]
[BlackElo "3032"]
[TimeControl "180+1"]
[EndTime "9:18:58 PDT"]
[Termination "Game drawn by repetition"]

1. d4 Nf6 2. Bf4 d5 3. e3 c5 4. c3 Nc6 5. Nd2 Bf5 6. Qb3 Qc8 7. a4 e6 8. Ngf3 Be7 9. Be2 h6 10. h3 O-O 11. O-O a6 12. a5 Rd8 13. Rfc1 Qd7 14. Qa2 Rac8 15. Nb3 Ne4 16. Nbd2 Bd6 17. Bxd6 Qxd6 18. Qa3 Nb8 19. Nxe4 Bxe4 20. Nd2 Nd7 21. Nxe4 dxe4 22. Rd1 Qc7 23. Qb3 cxd4 24. Rxd4 Nc5 25. Qc2 Rxd4 26. exd4 Nd7 27. Qxe4 Nf6 28. Qd3 Nd5 29.
Bf3 Rd8 30. g3 g6 31. Kg2 h5 32. h4 Rd7 33. Ra4 Qd8 34. Qc2 Kg7 35. Ra1 Qc7 36. Qb3 Rd8 37. c4 Nf6 38. Qc3 Rd7 39. Ra3 Qd8 40. d5 exd5 41. Bxd5 Kg8 42. Bf3 Ng4 43.
Bxg4 hxg4 44. Qe5 Rd2 45. Re3 Qd7 46. Qe8+ Qxe8 47. Rxe8+ Kg7 48. b3 Rb2 49. Re3 Kf8 50. Kf1 f5 51. Re6 Rxb3 52. Rxg6 Kf7 53. Rd6 Ra3 54.
Rd5 Kf6 55. Kg2 Ra2 56. Rd6+ Kg7 57. Rb6 Rxa5 58. Rxb7+ Kg6 59. Rc7 Ra2 60. Rc6+ Kg7 61. c5 Rc2 62. Rc7+ Kg6 63. c6 a5 64. Rc8 a4 65. c7 Kg7 66. Ra8 Rxc7 67. Rxa4 Rc2 68. Ra6 Rb2 69. Re6 Rc2 70. Kf1 Kf7 71. Rd6 Rb2 72. Ke1 Kg7 73. Rd2 Rb3 74. Ke2 Ra3 75.
Rd3 Ra4 76. Ke3 Re4+ 77. Kd2 Ra4 78. Rd6 Ra3 79. Ke2 Rb3 80. Rd3 Rb4 81. f3 gxf3+ 82.
Kxf3 Kg6 83. Rd8 Kg7 84. Rd6 Ra4 85. Rb6 Rc4 86. h5 Ra4 87. Rg6+ Kf7 88. Kg2 Rb4 89. Kh3 Ra4 90. Rd6 Kg7 91. Rg6+ Kf7 92. Kg2 Rb4 93. Kh3 Ra4 1/2-1/2

[Event "Early-Titled-Tuesday-Blitz-August-29-2023"]
[Site "Chess.com"]
[Date "2023.08.29"]
[Round "7"]
[White "Vsevolod_Ovchinnikov"]
[Black "Kirill_Klukin"]
[Result "0-1"]
[WhiteElo "2619"]
[BlackElo "2808"]
[TimeControl "180+1"]
[EndTime "9:18:58 PDT"]
[Termination "Kirill_Klukin won by resignation"]

1. d4 Nf6 2. c4 Nc6 3. Nf3 e6 4. g3 Bb4+ 5. Bd2 Qe7 6. Nc3 O-O 7. Bg2 Bxc3 8. Bxc3 Ne4 9. Rc1 Nxc3 10. Rxc3 d6 11. d5 Nb8 12. dxe6 fxe6 13. Nd4 a5 14. O-O Na6 15. Qd2 Nc5 16. b3 c6 17. Nc2 e5 18. Ne3 Be6 19. a3 a4 20. b4 Nb3 21.
Qd1 Rad8 22. Rd3 Rf6 23. Qc2 Bf7 24. Be4 Nd4 25. Qb2 Bh5 26. Rd2 Rdf8 27. f3 Bg6 28.
Qb1 Re6 29. Bxg6 Rxg6 30. Qd3 Qg5 31. Ng2 h5 32. Qe3 Qf6 33. Qe4 Qe6 34. c5 d5 35. Qb1 Rgf6 36. Qd1 Nb3 37. Rd3 e4 38. Re3 Qf7 39. Rc3 d4 40. Rc2 e3 41. Rb2 Qd5 42. f4 Qe4 43. Qd3 Qxd3 44. exd3 g5 45. Rf3 Kg7 46. Kf1 Kg6 47. Ke1 Nd2 48. Rxd2 exd2+ 49. Kxd2 Re8 50. Rf2 g4 51. Rf1 Kf7 52. Rf2 Rd6 53.
Kc2 Rde6 54. Kd2 Kf6 55. Kd1 R6e7 56. Rc2 Rd8 57. Rc1 Rde8 58. Rc2 Ke6 59. Re2+ Kd5 60.
Rc2 Rb8 61. Rc1 b6 62. cxb6 Rxb6 63. Rc5+ Kd6 64. Rxh5 Rb5 65. Rh6+ Kc7 66. Rg6 c5 67. Rg5 Kb6 68. Rg6+ Kb7 69. Rg5 Ka6 70. Rg6+ Rb6 71.
Rxb6+ Kxb6 72. bxc5+ Kxc5 73. Ne1 Rb7 74. Nc2 Rb1+ 75.
Ke2 Kd5 76. Ne1 Rb2+ 77. Kf1 Rxh2 78. Ng2 Rh1+ 79. Ke2 Ra1 80. f5 Ke5 81. Nf4 Ra2+ 82.
Kd1 Kxf5 83. Nd5 Rxa3 84. Ne7+ Ke6 85. Nc6 Kd5 86. Ne7+ Kc5 87. Nf5 Rxd3+ 88. Kc2 Rf3 89. Nh4 Rxg3 90. Nf5 Rf3 91. Nh4 Kc4 0-1

[Event "Early-Titled-Tuesday-Blitz-August-29-2023"]
[Site "Chess.com"]
[Date "2023.08.29"]
[Round "7"]
[White "stasOR4ik"]
[Black "garfield_pg"]
[Result "1/2-1/2"]
[WhiteElo "2483"]
[BlackElo "2373"]
[TimeControl "180+1"]
[EndTime "9:19:27 PDT"]
[Termination "Game drawn - insufficient material"]

1. e4 c5 2. Nc3 g6 3. f4 Bg7 4. Nf3 Nc6 5. g3 d6 6. Bg2 Rb8 7. O-O b5 8. Ne2 e6 9. c3 b4 10. d4 bxc3 11. bxc3 cxd4 12. cxd4 d5 13. Ne5 Nge7 14.
Ba3 Nxe5 15. fxe5 dxe4 16. Qa4+ Qd7 17. Qxd7+ Bxd7 18. Bxe4 Bc6 19. Nc3 Rc8 20. Bxc6+ Rxc6 21. Ne4 Nf5 22. g4 Nxd4 23. Nd6+ Rxd6 24. Bxd6 Bh6 25.
Rab1 Kd7 26. Rb7+ Kc6 27. Rc7+ Kd5 28. Rc5+ Ke4 29. Kg2 Be3 30. Rc3 Bd2 31. Rc7 h5 32. gxh5 Rxh5 33. Rcxf7 Rg5+ 34. Kh1 Nf5 35. Rf6 Rh5 36. Rxg6 Bf4 37. Rg4 Ng3+ 38. Rxg3 Bxg3 39. Kg2 Bf4 40. h3 Rg5+ 41. Kf2 Rg3 42. h4 Rh3 43. Re1+ Kf5 44. Kg2 Rg3+ 45. Kf2 Rh3 46. Kg2 Rg3+ 47. Kf2 Rc3 48. Re2 Rh3 49. Kg2 Rh2+ 50. Kf3 Rh3+ 51. Kg2 Rh2+ 52. Kf1 Rxh4 53. Ke1 Rh1+ 54. Kf2 Rh2+ 55.
Ke1 Rh1+ 56. Kf2 Ra1 57. Kf3 Rf1+ 58. Kg2 Rb1 59. Bc5 Rb5 60. Bxa7 Bxe5 61. Rf2+ Ke4 62. Re2+ Kd3 63. Re3+ Kc4 64. Re4+ Kd5 65. Kf3 Ra5 66. Be3 Rxa2 67. Rh4 Ra8 68. Rh5 Rf8+ 69. Ke2 Rf5 70. Rxf5 exf5 71. Bd2 Ke4 72. Bc1 Bg3 73. Bd2 Bf4 74. Be1 Be3 75. Bg3 Bd4 76. Bh2 Be5 77. Bg1 f4 78. Bf2 f3+ 79. Kf1 Bf4 80. Be1 Kf5 81. Bf2 Kg4 82. Ke1 Be5 83. Kf1 Bc3 84.
Be3 Kg3 85. Bc5 Bd2 86. Bd6+ Kg4 87. Bc5 Bf4 88. Bf2 Bg3 89. Be3 Kh3 90. Bd4 Kh2 91.
Bg1+ Kh1 92. Bd4 Kh2 93. Be3 Kh3 94. Bg1 Kg4 95. Be3 Kf5 96. Bd4 Ke4 97. Bc5 Be5 98.
Bf2 Bd4 99. Bg3 Be3 100. Bh4 Kd3 101. Bg3 Ke4 102. Bh4 Bf4 103. Bf2 Bh2 104. Be1 Bf4 105. Bf2 Be5 106. Bh4 Bb8 107. Bf2 Bc7 108. Be1 Bb6 109. Bg3 f2 110. Bxf2 1/2-1/2

[Event "Early-Titled-Tuesday-Blitz-August-29-2023"]
[Site "Chess.com"]
[Date "2023.08.29"]
[Round "8"]
[White "Yuruultei"]
[Black "Grossboss19"]
[Result "0-1"]
[WhiteElo "2384"]
[BlackElo "2509"]
[TimeControl "180+1"]
[EndTime "9:22:02 PDT"]
[Termination "Grossboss19 won by resignation"]

1. d4 c6 2. c4 d5 3. Nf3 Nf6 4. g3 dxc4 5. Bg2 Be6 6. O-O Bd5 7. Nc3 e6 8. Re1 Bxf3 9. Bxf3 Nd5 10. e4 Nxc3 11.
bxc3 Be7 12. d5 O-O 13. dxe6 Qxd1 14. Rxd1 fxe6 15. Bf4 e5 16. Bxe5 Rxf3 17. Rab1 b5 18. Rd2 Rd3 19. Rxd3 cxd3 20. Rd1 Nd7 21. Rxd3 Nxe5 0-1

[Event "Early-Titled-Tuesday-Blitz-August-29-2023"]
[Site "Chess.com"]
[Date "2023.08.29"]
[Round "8"]
[White "Irina_Mikhaylova"]
[Black "TC2304"]
[Result "1-0"]
[WhiteElo "2292"]
[BlackElo "2406"]
[TimeControl "180+1"]
[EndTime "9:22:08 PDT"]
[Termination "Irina_Mikhaylova won by resignation"]

1. d4 d5 2. Nf3 Nf6 3. c4 c6 4. cxd5 cxd5 5. Nc3 a6 6. Bf4 e6 7. e3 Nc6 8. Bd3 Bd6 9. Bg3 O-O 10. Rc1 Bd7 11.
Bxd6 Re8 12. O-O Bc8 13. Be5 Nd7 14. Bg3 Nf6 15. Bh4 h6 16. Ne5 g5 17. Nxc6 bxc6 18. Bg3 Kg7 19. Be5 Kg8 20. f4 gxf4 1-0

[Event "Early-Titled-Tuesday-Blitz-August-29-2023"]
[Site "Chess.com"]
[Date "2023.08.29"]
[Round "8"]
[White "Gauravthegm"]
[Black "DarZay"]
[Result "1-0"]
[WhiteElo "2415"]
[BlackElo "2276"]
[TimeControl "180+1"]
[EndTime "9:22:19 PDT"]
[Termination "Gauravthegm won by checkmate"]

1. Nf3 Nf6 2. c4 e6 3. g3 d5 4.
Bg2 c5 5. cxd5 exd5 6. d4 Nc6 7. O-O h6 8. Nc3 Be7 9. dxc5 Bxc5 10. a3 a5 11. Nb5 O-O 12. Bf4 Bf5 13. Rc1 b6 14. Nfd4 Nxd4 15. Nxd4 Bxd4 16. Qxd4 Ra7 17. Be5 Ne4 18.
Bxg7 Re8 19. Bxh6 Qd7 20. Qg7# 1-0

[Event "Early-Titled-Tuesday-Blitz-August-29-2023"]
[Site "Chess.com"]
[Date "2023.08.29"]
[Round "8"]
[White "FGHSMN"]
[Black "temiksmozg"]
[Result "1-0"]
[WhiteElo "2923"]
[BlackElo "2651"]
[TimeControl "180+1"]
[EndTime "9:22:47 PDT"]
[Termination "FGHSMN won by resignation"]

1. d4 Nf6 2. Nf3 e6 3. Bf4 d5 4. e3 Bd6 5. Ne5 O-O 6. Nd2 Nfd7 7. Bd3 f6 8. Qh5 f5 9. Ndf3 Nf6 10. Qh3 Nbd7 11. Ng5 Qe7 12. Nxe6 Qxe6 13. Bxf5 Qe7 14. Be6+ Rf7 15. Nxf7 Bxf4 16. Ne5+ Kf8 17. Ng6+ 1-0

[Event "Early-Titled-Tuesday-Blitz-August-29-2023"]
[Site "Chess.com"]
[Date "2023.08.29"]
[Round "8"]
[White "thedjoker98"]
[Black "IPAchess"]
[Result "1-0"]
[WhiteElo "2582"]
[BlackElo "2365"]
[TimeControl "180+1"]
[EndTime "9:22:51 PDT"]
[Termination "thedjoker98 won by resignation"]

1. d4 d5 2. c4 e6 3. Nc3 Nf6 4. cxd5 exd5 5. Bg5 c6 6. e3 h6 7. Bh4 Be7 8. Bd3 O-O 9. Qc2 Re8 10. Nf3 Ne4 11. Bxe7 Qxe7 12. O-O Nd7 13. b4 Nd6 14.
b5 Nf6 15. bxc6 bxc6 16. Ne5 c5 17. dxc5 Qxe5 18. cxd6 Qxd6 19. Nb5 Qb6 20. Nc7 Bd7 21. Rab1 Qd6 22. Nxa8 Rxa8 23. h3 Rc8 24. Qb2 Re8 25.
Rfd1 1-0

[Event "Early-Titled-Tuesday-Blitz-August-29-2023"]
[Site "Chess.com"]
[Date "2023.08.29"]
[Round "8"]
[White "Haykoooo0o"]
[Black "Mesa_1"]
[Result "1-0"]
[WhiteElo "2455"]
[BlackElo "2562"]
[TimeControl "180+1"]
[EndTime "9:23:02 PDT"]
[Termination "Haykoooo0o won by resignation"]

1. b3 d5 2. Bb2 Bf5 3. e3 h6 4. Nf3 e6 5. c4 Nf6 6. Be2 Bd6 7. O-O O-O 8. d3 Bh7 9. Nbd2 c6 10. a3 a5 11. Rc1 Nbd7 12. Re1 Qe7 13. Ra1 e5 14. Bf1 e4 15. dxe4 dxe4 16. Nd4 Rad8 17. Qc2 Bc7 18. Be2 Ne5 19. b4 Neg4 20. Nf1 axb4 21. axb4 Qxb4 22. Ba3 Qb6 23. Bxf8 Rxf8 24.
c5 Qb4 25. Reb1 1-0